 Dungeon Crawl Stone Soup version 0.26-a0-490-gf8362a0c98 (webtiles) character file.

Game seed: 15903133692001046853

758 ANON1729 the Skirmisher (level 7, -3/88 HPs)
             Began as a Palentonga Delver on Aug 4, 2020.
             Slain by an ogre
             ... wielding a +0 giant spiked club
              (8 damage)
             ... on level 6 of the Dungeon.
             The game lasted 00:19:15 (6867 turns).

ANON1729 the Skirmisher (Palentonga Delver)         Turns: 6867, Time: 00:19:16

Health: -3/88      AC:  5    Str: 15 (17) XL:     7   Next: 50%
Magic:  7/7        EV: 11    Int: 10      God:
Gold:   352        SH:  0    Dex: 11 (12) Spells: 6/6 levels left

rFire    + . .     SeeInvis +   i - +1 long sword
rCold    + . .     Faith    .   (no shield)
rNeg     . . .     Spirit   .   k - +0 robe of Vafaf {+Blink}
rPois    +         Reflect  .   r - +0 helmet
rElec    +         Harm     .   (no cloak)
rCorr    +                      (no gloves)
MR       .....                  (boots restricted)
Stlth    ..........             (no amulet)
HPRegen  0.24/turn              (no ring)
MPRegen  0.10/turn              (no ring)

@: berserking (expiring), lethally poisoned (-3 -> -3), resistant, very quick
A: large, rugged brown scales 3, see invisible, deformed body, roll, armoured
tail
a: Rolling Charge, Evoke Blink


You were on level 6 of the Dungeon.
You visited 1 branch of the dungeon, and saw 7 of its levels.
You also visited: Sewer.

You collected 352 gold pieces.

Inventory:

Hand Weapons
 i - a +1 long sword (weapon)
Armour
 k - the +0 robe of Vafaf (worn) {+Blink}
   (You found it on level 7 of the Dungeon)

   It lets you blink.
 r - a +0 helmet (worn)
 u - a +0 buckler
Wands
 b - a wand of polymorph (7)
 g - a wand of digging (3)
Scrolls
 c - 2 scrolls of fog
 d - 6 scrolls of magic mapping
 f - 3 scrolls of identify {unknown}
 h - 2 scrolls of remove curse {unknown}
 j - a scroll of amnesia {unknown}
 l - 2 scrolls of teleportation {unknown}
 m - a scroll of random uselessness {unknown}
 n - a scroll of enchant armour {unknown}
 o - 2 scrolls of blinking {unknown}
 v - 3 scrolls of enchant weapon
Potions
 a - a potion of lignification {unknown}
 e - 2 potions of cancellation
 t - 3 potions of brilliance


   Skills:
 + Level 5.1 Fighting
 + Level 4.5 Long Blades
 + Level 3.7 Dodging
 + Level 4.6 Stealth


You had 6 spell levels left.
You didn't know any spells.
Your spell library contained the following spells:

 Spells                   Type           Power        Failure   Level
 Animate Skeleton         Necr           #.....       36%         1
 Apportation              Tloc           #.....       36%         1
 Corona                   Hex            #......      36%         1
 Summon Small Mammal      Summ           #...         36%         1


Dungeon Overview and Level Annotations

Branches:
Dungeon (7/15)              Sewer (visited)
 Temple: D:4-7

Altars:
Dithmenos

Annotations:
D:3 Purgy
D:4 Edmund
D:7 exclusion: iguana


Innate Abilities, Weirdness & Mutations

You are completely covered in rugged brown scales. (AC +3, +7% HP)
You have supernaturally acute eyesight. (SInv)
Armour fits poorly on your strangely shaped body.
You can roll at foes to attack.
You have a long armoured tail.


Message History

You feel sick. The orc priest closely misses you.
You barely miss the orc priest.
The orc priest is almost dead.
The gnoll hits you with a +0 flail.
* * * LOW HITPOINT WARNING * * *
You slash the orc priest!
You kill the orc priest!
You hit the gnoll.
The gnoll is lightly wounded.
You feel sick. The gnoll hits you with a +0 flail!
* * * LOW HITPOINT WARNING * * *
You slash the gnoll!
You kill the gnoll!
You slash the ogre!
Your tail-slap misses the ogre.
The ogre is moderately wounded.
You hit the ogre.
The ogre is heavily wounded.
You feel sick.
The ogre hits you with a +0 giant spiked club!
You die...

..#....g#####.#...###############
........#####.#...##.............
o##.#.........#...##.############
.##...(....oo...#.##'######
....#.........###o#.......#
.##.#..######. #g#.......#
.##.#......... #.#.......#
.##.#.###########O#.......#
.##.#...........@)#.......#######
.#....#############..............
.#....#>. .......................
.#....#.##########........##.....
.#...>#.#........#...............
.#....#.#.#####.##..........####.
.#....#.#...................# #.
.#....#.#...................# #.
.#..........................####.


You could see an ogre, a gnoll and an orc.

Vanquished Creatures
  Sigmund (D:2)
  A phantom (D:5)
  A bullfrog (D:6)
  A howler monkey (D:5)
  A bullfrog skeleton (D:6)
  2 orc priests (D:6)
  A hound (D:7)
  An iguana (D:5)
  3 worker ants
  4 gnolls
  A river rat (D:3)
  4 adders
  A shadow imp (D:7)
  An ufetubus (D:6)
  4 worms
  A dart slug (D:1)
  A leopard gecko (D:5)
  5 orcs
  3 ball pythons
  A giant cockroach (D:1)
  9 hobgoblins
  6 jackals
  4 kobolds
  A quokka (D:6)
  9 bats
  8 frilled lizards
  6 goblins
  8 rats
  A fungus (D:1)
90 creatures vanquished.

Notes
Turn   | Place    | Note
-------+----------+-------------------------------------------
     0 | D:5      | ANON1729 the Palentonga Delver began the quest for the Orb.
     0 | D:5      | Reached XP level 1. HP: 19/19 MP: 1/1
    14 | D:5      | Noticed a phantom
    35 | D:5      | You fall into a shaft and drop 2 floors!
    74 | D:7      | Noticed an iguana
    85 | D:7      | Got a creamy pearl robe
    96 | D:7      | Identified the +0 robe of Vafaf {+Blink} (You found it on
                  | level 7 of the Dungeon)
   222 | D:7      | Reached XP level 2. HP: 17/25 MP: 2/2
   362 | D:7      | Reached XP level 3. HP: 16/31 MP: 3/3
   513 | D:6      | Reached XP level 4. HP: 24/37 MP: 4/4
   857 | D:6      | Noticed a bullfrog
  1698 | D:5      | Reached XP level 5. HP: 33/44 MP: 5/5
  1972 | D:5      | Killed a phantom
  1972 | D:5      | Reached skill level 4 in Fighting
  2111 | D:5      | Noticed an orc warrior
  2171 | D:4      | Reached XP level 6. HP: 43/51 MP: 6/6
  2346 | D:4      | Noticed Edmund
  2355 | D:4      | HP: 2/51 [worker ant (1)]
  2678 | D:3      | Found a shadowy altar of Dithmenos.
  2740 | D:3      | Found a glowing drain.
  2824 | Sewer    | Entered a sewer
  2889 | Sewer    | Noticed Purgy
  2904 | Sewer    | Noticed Purgy
  2904 | Sewer    | Purgy changed into Purgy the basilisk
  2915 | Sewer    | Noticed Purgy
  2915 | Sewer    | Purgy the basilisk changed into Purgy the queen bee
  2955 | D:2      | Noticed Sigmund
  5078 | D:2      | Killed Sigmund
  5078 | D:2      | Reached XP level 7. HP: 28/58 MP: 7/7
  6582 | D:6      | Reached skill level 5 in Fighting
  6817 | D:6      | HP: 2/59 [worker ant (2)]
  6867 | D:6      | Slain by an ogre

Illustrated notes

Levels and vault maps discovered:
D:1:      onia_arrival_mini_maze, layout_loops_ring, chequers_jeans
D:2:      layout_loops_ring, minivault_19, columned_hall_lemuel, uniq_sigmund
D:3:      layout_basic, old_standard_altar, portal_sewer_entry_c
D:4:      layout_gridville, uniq_edmund, uniq_pikel
D:5:      layout_basic, nrook_pool_corridor
D:6:      layout_basic
D:7:      old_forge, layout_gridville, minmay_temple_entry_tees,
          minmay_misc_feat_four_crosses

Skill      XL: |  1  2  3  4  5  6  7 |
---------------+----------------------+-----
Dodging        | 2 3 |  3.7
Long Blades    | 3 4 |  4.5
Fighting       | 4 5 |  5.1
Stealth        | 4 |  4.6

Action                   |  1- 3 |  4- 6 |  7- 9 || total
-------------------------+-------+-------+-------++-------
Melee: Long sword        |    16 |   225 |    70 ||   311
       Tailslap          |     4 |    24 |    10 ||    38
 Abil: Rolling Charge    |       |    10 |     5 ||    15
       Evoke Blink       |       |     1 |     5 ||     6
Evoke: Wand              |       |     2 |       ||     2
  Use: Potion            |       |     6 |     7 ||    13
       Scroll            |       |     2 |       ||     2
 Stab: Sleeping          |       |    12 |     1 ||    13
Armor: Robe              |     5 |    80 |    11 ||    96
Dodge: Dodged            |    10 |   128 |    56 ||   194
       Rpst.: Long sword |     2 |    35 |    18 ||    55

Table legend: (Time is in decaauts)
 A = Elapsed time spent in this place.
 B = Non-inter-level travel time spent in this place.
 C = Inter-level travel time spent in this place.
 D = Time resting spent in this place.
 E = Time spent auto-exploring this place.
 F = Levels seen in this place.
 G = Mean time per level.
                   A        B        C        D        E       F      G
               +--------+--------+--------+--------+--------+-----+--------+
         Total |   6929 |   6743 |    186 |   2931 |   2291 |   8 |  866.1 |
       Dungeon |   6821 |   6635 |    186 |   2908 |   2277 |   7 |  974.4 |
         Sewer |    108 |    108 |      0 |     23 |     14 |   1 |  108.0 |
               +--------+--------+--------+--------+--------+-----+--------+

Top non-repeatable levels by time:
     D:5: 1466 daAuts
     D:2: 1405 daAuts
     D:3: 1239 daAuts
     D:6: 936 daAuts
     D:1: 934 daAuts
     D:7: 468 daAuts
     D:4: 370 daAuts
   Sewer: 108 daAuts
